 Dungeon Crawl Stone Soup version 0.28.0 (webtiles) character file.

Game seed: 17444820318016962281

317 Kold the Gusty (level 6, 0/32 HPs)
             Began as a Tengu Air Elementalist on Feb 10, 2022.
             Was an Initiate of Vehumet.
             Slain by Eustachio (4 damage)
             ... on level 4 of the Dungeon.
             The game lasted 00:08:15 (4344 turns).

Kold the Gusty (Tengu Air Elementalist)             Turns: 4344, Time: 00:08:16

Health: 0/32       AC:  4    Str:  9    XL:     6   Next: 44%
Magic:  2/10       EV: 15    Int: 17    God:    Vehumet [......]
Gold:   188        SH:  0    Dex: 16    Spells: 2/9 levels left

rFire   + . .      SeeInvis .   t - +2 falchion (protect)
rCold   + . .      Faith    .   (no shield)
rNeg    . . .      Spirit   .   a - +0 robe
rPois   +          Reflect  .   (helmet restricted)
rElec   .          Harm     .   g - +1 cloak
rCorr   .          Rampage  .   (no gloves)
Will    .....                   (boots unavailable)
Stlth   ++........              (no amulet)
HPRegen 0.10/turn               d - ring of poison resistance
MPRegen 0.12/turn               k - ring of protection from cold

@: flying quickly and evasively, quick
A: beak, talons 3, nimble flight, horns 1, agile 1, fire resistance 1, poison
resistance
a: Renounce Religion


You were on level 4 of the Dungeon.
You worshipped Vehumet.
Vehumet was noncommittal.
You visited 1 branch of the dungeon, and saw 4 of its levels.

You collected 188 gold pieces.

Inventory:

Hand Weapons
 e - a +0 whip
 t - a +2 falchion of protection (weapon)
Armour
 a - a +0 robe (worn)
 g - a +1 cloak (worn)
Jewellery
 d - a ring of poison resistance (left hand)
 k - a ring of protection from cold (right hand)
 m - a ring of protection from fire
 o - a ring of fire
 p - a ring of protection from cold
 s - a +6 ring of dexterity
Scrolls
 c - 4 scrolls of teleportation {unknown}
 h - a scroll of magic mapping {unknown}
 l - 2 scrolls of identify {unknown}
 r - a scroll of fear {unknown}
Potions
 b - a potion of berserk rage {unknown}
 f - a potion of mutation
 i - a potion of ambrosia {unknown}
 j - a potion of curing {unknown}
 n - a potion of haste {unknown}
 q - a potion of heal wounds {unknown}
 u - a potion of degeneration {unknown}


   Skills:
 - Level 2.1 Dodging
 - Level 2.0 Stealth
 - Level 2.0 Spellcasting
 + Level 5.9 Conjurations
 + Level 7.1 Air Magic


You had 2 spell levels left.
You knew the following spells:

 Your Spells              Type           Power      Damage    Failure   Level
a - Shock                 Conj/Air       92%        1d8       1%          1
b - Static Discharge      Conj/Air       23%        N/A       1%          2
c - Airstrike             Air            12%        N/A       11%         4

Your spell library contained the following spells:

 Spells                   Type           Power      Damage    Failure   Level
 Swiftness                Air            25%        N/A       3%          3


Dungeon Overview and Level Annotations

Branches:
Dungeon (4/15)
 Temple: D:4-7

Altars:
Nemelex Xobeh
Vehumet

Shops:
D:1 :(=

Annotations:
D:4 Eustachio


Innate Abilities, Weirdness & Mutations

You have a beak for a mouth.
You have claws for feet.
Your magical nature lets you fly swiftly and evasively.
You have a pair of small horns on your head.
You are agile. (Dex +2)
Your flesh is heat resistant. (rF+)
Your system is resistant to poisons. (rPois)


Message History

Deactivating autopickup; reactivate with Ctrl-A.
Casting: Shock (safe; 1% risk of failure)
Confirm with . or Enter, or press ? or * to list all spells.
You can't see any susceptible monsters within range! (Use Z to cast anyway.)
Casting: Shock (safe; 1% risk of failure)
Confirm with . or Enter, or press ? or * to list all spells.
The spell is quite dangerous to miscast (11% risk of failure)!
Continue anyway?
Aiming: Airstrike (quite dangerous; 11% risk of failure)
Press: ? - help, Dir - move target The air twists around and strikes something!
Something completely misses you.
You barely miss something. Your kick misses something. You peck something.
An endoplasm comes into view.
Something hits you. Something hits you!
Casting: Airstrike (quite dangerous; 11% risk of failure)
Confirm with . or Enter, or press ? or * to list all spells.
Aiming: Shock (safe; 1% risk of failure)
Press: ? - help, Shift-Dir - straight line That beam is likely to hit you.
Continue anyway?
The zap hits the endoplasm!
You kill the endoplasm!
Vehumet accepts your kill.
The zap hits something!
The zap misses you. Something hits you.
You completely miss something. You punch something. Something hits you.
You miss something. Your kick misses something. Something hits you.
You miss something. Your kick misses something. Something hits you.
Casting: Shock (safe; 1% risk of failure)
Confirm with . or Enter, or press ? or * to list all spells.
You can't see any susceptible monsters within range! (Use Z to cast anyway.)
Casting: Shock (safe; 1% risk of failure)
Confirm with . or Enter, or press ? or * to list all spells.
Something is struck by an arc of lightning!
You are struck by an arc of lightning.
The lightning grounds out.
Something hits you.
* * * LOW HITPOINT WARNING * * *
It was a potion of mutation.
You feel extremely strange.
You feel agile.
You feel resistant to heat.
You feel resistant to poisons. A pair of horns grows on your head!
Something hits you.
You die...

##..##.#.### #......####.###
#....#.#.# #......####....
#).#.#.#.#####......##......
#.. .#......######..........
#.. .###.##.##########...†##
#. ...##...............#
######..#########....# #..#
###### #@.# #..# ...# ###.#
..# ##


There were no monsters in sight!

Vanquished Creatures
  An ogre (D:3)
  Natasha (thrice) (D:2)
  A hound skeleton (D:4)
  5 adders
  2 worms
  3 dart slugs
  4 orcs
  8 ball pythons
  6 endoplasms
  8 hobgoblins
  16 jackals
  6 kobolds
  4 quokkas
  2 bats
  7 frilled lizards
  5 goblins
  5 rats
86 creatures vanquished.

Vanquished Creatures (others)
  2 fungi (D:2)
  A plant (D:2)
3 creatures vanquished.

Grand Total: 89 creatures vanquished

Notes
Turn   | Place    | Note
-------+----------+-------------------------------------------
     0 | D:1      | Kold the Tengu Air Elementalist began the quest for the
                  | Orb.
     0 | D:1      | Reached XP level 1. HP: 10/10 MP: 4/4
   323 | D:1      | Reached XP level 2. HP: 15/15 MP: 4/6
   344 | D:1      | Found Buwonourgh's Book Shop.
   383 | D:1      | Found Faqer's Weapon Emporium.
   391 | D:1      | Found Zoih's Jewellery Shoppe.
   830 | D:1      | Reached XP level 3. HP: 5/19 MP: 0/7
  1385 | D:2      | Reached skill level 5 in Air Magic
  1496 | D:2      | Reached XP level 4. HP: 24/24 MP: 1/8
  1602 | D:2      | Noticed Natasha
  1609 | D:2      | Killed Natasha
  1725 | D:2      | Learned a level 2 spell: Static Discharge
  1730 | D:2      | Learned a level 4 spell: Airstrike
  1814 | D:2      | Noticed Natasha
  1817 | D:2      | Killed Natasha
  2227 | D:2      | Noticed Natasha
  2230 | D:2      | Killed Natasha
  2231 | D:2      | Reached skill level 6 in Air Magic
  2231 | D:2      | Gained mutation: Your magical nature lets you fly swiftly
                  | and evasively. [Tengu growth]
  2231 | D:2      | Reached XP level 5. HP: 28/28 MP: 6/9
  2282 | D:2      | Found a sparkling altar of Nemelex Xobeh.
  2344 | D:2      | Found a faded altar of an unknown god.
  2588 | D:3      | Noticed an ogre
  3055 | D:3      | Reached skill level 5 in Conjurations
  3142 | D:3      | Killed an ogre
  3143 | D:3      | Reached XP level 6. HP: 10/32 MP: 3/10
  3704 | D:4      | Noticed Eustachio
  3918 | D:4      | Found a radiant altar of Vehumet.
  3942 | D:4      | Became a worshipper of Vehumet
  3949 | D:4      | Reached skill level 7 in Air Magic
  4344 | D:4      | Gained mutation: You are agile. (Dex +2) [potion of
                  | mutation]
  4344 | D:4      | Gained mutation: Your flesh is heat resistant. (rF+)
                  | [potion of mutation]
  4344 | D:4      | Gained mutation: Your system is resistant to poisons.
                  | (rPois) [potion of mutation]
  4344 | D:4      | Gained mutation: You have a pair of small horns on your
                  | head. [potion of mutation]
  4344 | D:4      | Slain by Eustachio

Illustrated notes

Levels and vault maps discovered:
D:1:      amcnicky_arrival_gap_in_the_tavern_cellar, layout_loops_cross,
          serial_shops, shop, shop, nicolae_shop_waterfront
D:2:      layout_basic, basic_altar, shapermc_ecumenical_altar_hornbeckon,
          corner_web_ring, nicolae_elevator_lobby_plus, uniq_natasha
D:3:      layout_basic
D:4:      layout_basic, lemuel_round_altar, uniq_eustachio

Skill      XL: |  1  2  3  4  5  6 |
---------------+-------------------+-----
Conjurations   | 2 3 4 5 |  5.9
Air Magic      | 5 6 7 |  7.1
Dodging        | |  2.1
Stealth        | |  2.0
Spellcasting   | |  2.0

Action                   |  1- 3 |  4- 6 || total
-------------------------+-------+-------++-------
Melee: Unarmed           |     3 |       ||     3
       Whip              |    10 |    12 ||    22
       Kick              |     5 |     7 ||    12
       Peck              |     2 |     6 ||     8
       Falchion          |       |    12 ||    12
       Punch             |       |     1 ||     1
 Cast: Shock             |    60 |    83 ||   143
       Static Discharge  |       |     7 ||     7
       Airstrike         |       |     1 ||     1
  Use: Potion            |       |     1 ||     1
 Stab: Sleeping          |     1 |       ||     1
Armor: Robe              |     7 |     7 ||    14
Dodge: Dodged            |    17 |    32 ||    49
